[ AOE2 MATCH · #458381898 ]
UnrankedFranks vs Byzantines
[ REPLAY ANALYSIS · EXTRACTED FROM THE RECORDED GAME ]
Feudal
25:17
Castle
28:54
Imperial
—
| APM avg | 47.1 |
| APM peak | 87 |
| eAPM avg | 22.4 |
| Villagers / military | 76 / 24 |
Focus
⚔️ 35.1% · 🌾 64.9%
Fishing Ship ×17 · Knight ×16 · Monk ×2 · Mangonel ×2 · Battering Ram ×2 · Scorpion ×1
Feudal
13:49
Castle
18:21
Imperial
—
| APM avg | 66.8 |
| APM peak | 105 |
| eAPM avg | 32.6 |
| Villagers / military | 77 / 34 |
Focus
⚔️ 29.8% · 🌾 70.2%
Camel Scout ×18 · Fishing Ship ×14 · Fire Galley ×10 · Scorpion ×6 · Trade Cog ×1
Feudal
11:39
Castle
23:18
Imperial
35:12
| APM avg | 46.0 |
| APM peak | 81 |
| eAPM avg | 25.8 |
| Villagers / military | 137 / 60 |
Focus
⚔️ 33.2% · 🌾 66.8%
Genoese Crossbowman ×26 · Galley ×25 · Fishing Ship ×19 · Fire Galley ×3 · Battering Ram ×2 · Bombard Cannon ×2
Feudal
11:56
Castle
32:02
Imperial
—
| APM avg | 48.8 |
| APM peak | 89 |
| eAPM avg | 33.0 |
| Villagers / military | 68 / 20 |
Focus
⚔️ 24.7% · 🌾 75.3%
Spearman ×11 · Fishing Ship ×6 · Archer ×5 · Mangonel ×4 · Unknown (1105) ×1
Feudal
11:13
Castle
21:37
Imperial
36:57
| APM avg | 42.5 |
| APM peak | 89 |
| eAPM avg | 19.1 |
| Villagers / military | 109 / 56 |
Focus
⚔️ 32.5% · 🌾 67.5%
Mangudai ×40 · Galley ×16 · Fishing Ship ×6
Feudal
13:50
Castle
17:23
Imperial
—
| APM avg | 50.1 |
| APM peak | 84 |
| eAPM avg | 21.3 |
| Villagers / military | 95 / 65 |
Focus
⚔️ 43.1% · 🌾 56.9%
Cavalry Archer ×61 · Fishing Ship ×20 · Mangonel ×2 · Fire Galley ×2
Match map
Initial resources + every placement click. Lines = walls · curves = elevation contours. ◆ gold · ⬟ stone · ● berries · ✦ relic · ◌ wall gap
Your base· Open — 14t gap
Virtus | Darkjosh89's base· Open — unwalled flank
Virtus | Nasho9's base· Open — 6t gap
Virtus | FabiaN's base· Open — 4t gap
iturrA! LJ's base· Open — unwalled flank
Hadeo's base· Open — 13t gap
Smoothed initial terrain · ◌ = detected wall gap · hover for details
Inputs per minute
— Zombla - - Virtus | Darkjosh89
Build order — Zombla
First 150 of 185 actions detected
| 0:32 | Build | Town Center |
| 2:07 | Build | Dock |
| 2:38 | Build | House |
| 2:44 | Queue | Villager (Male) |
| 2:44 | Queue | Villager (Male) |
| 2:45 | Queue | Villager (Male) |
| 2:45 | Queue | Villager (Male) |
| 2:45 | Queue | Villager (Male) |
| 2:48 | Build | House |
| 4:05 | Queue | Fishing Ship |
| 4:27 | Research | Loom |
| 4:53 | Build | House |
| 4:59 | Queue | Villager (Male) |
| 5:00 | Queue | Villager (Male) |
| 5:17 | Queue | Fishing Ship |
| 5:47 | Queue | Villager (Male) |
| 5:47 | Queue | Villager (Male) |
| 6:10 | Queue | Villager (Male) |
| 6:10 | Queue | Villager (Male) |
| 6:36 | Queue | Villager (Male) |
| 6:36 | Queue | Villager (Male) |
| 6:59 | Build | House |
| 7:03 | Queue | Villager (Male) |
| 7:11 | Queue | Fishing Ship |
| 7:56 | Queue | Villager (Male) |
| 7:58 | Queue | Fishing Ship |
| 8:06 | Queue | Villager (Male) |
| 8:08 | Queue | Villager (Male) |
| 8:08 | Queue | Villager (Male) |
| 8:34 | Build | House |
| 8:38 | Queue | Villager (Male) |
| 8:55 | Build | Lumber Camp |
| 9:09 | Queue | Villager (Male) |
| 9:30 | Queue | Villager (Male) |
| 9:30 | Queue | Villager (Male) |
| 10:19 | Build | Town Center |
| 10:45 | Build | Palisade Wall |
| 11:28 | Queue | Villager (Male) |
| 11:29 | Queue | Villager (Male) |
| 11:29 | Queue | Villager (Male) |
| 11:47 | Queue | Villager (Male) |
| 11:48 | Queue | Villager (Male) |
| 12:05 | Build | Mill |
| 12:08 | Queue | Villager (Male) |
| 12:08 | Queue | Villager (Male) |
| 12:21 | Queue | Villager (Male) |
| 12:43 | Build | House |
| 12:55 | Queue | Villager (Male) |
| 13:01 | Build | Outpost |
| 13:18 | Queue | Villager (Male) |
| 13:51 | Queue | Villager (Male) |
| 13:52 | Queue | Villager (Male) |
| 14:37 | Queue | Villager (Male) |
| 15:08 | Queue | Villager (Male) |
| 15:32 | Queue | Villager (Male) |
| 16:01 | Build | House |
| 16:23 | Queue | Villager (Male) |
| 16:38 | Queue | Villager (Male) |
| 16:53 | Queue | Villager (Male) |
| 18:07 | Queue | Villager (Male) |
| 18:07 | Queue | Villager (Male) |
| 18:46 | Queue | Villager (Male) |
| 19:12 | Queue | Villager (Male) |
| 19:12 | Queue | Villager (Male) |
| 19:15 | Build | House |
| 19:24 | Build | Mill |
| 19:48 | Queue | Villager (Male) |
| 19:49 | Queue | Villager (Male) |
| 19:59 | Queue | Villager (Male) |
| 20:25 | Queue | Villager (Male) |
| 20:47 | Queue | Villager (Male) |
| 21:11 | Queue | Villager (Male) |
| 21:35 | Build | Lumber Camp |
| 21:39 | Queue | Villager (Male) |
| 22:03 | Build | Dock |
| 22:27 | Queue | Fishing Ship |
| 22:47 | Build | Farm |
| 22:48 | Build | Farm |
| 22:50 | Build | Farm |
| 22:51 | Build | Farm |
| 23:05 | Research | Feudal Age |
| 23:12 | Build | Mining Camp |
| 23:30 | Build | Mill |
| 23:48 | Build | Dock |
| 24:16 | Build | Barracks |
| 24:37 | Build | House |
| 24:43 | Queue | Fishing Ship |
| 24:45 | Queue | Fishing Ship |
| 24:52 | Queue | Fishing Ship |
| 25:04 | Queue | Villager (Male) |
| 25:17 | Age | Feudal Age |
| 25:19 | Build | Stable |
| 25:22 | Build | Blacksmith |
| 25:37 | Queue | Fishing Ship |
| 25:43 | Queue | Villager (Male) |
| 25:49 | Queue | Fishing Ship |
| 25:58 | Queue | Fishing Ship |
| 26:14 | Research | Castle Age |
| 26:36 | Build | Dock |
| 26:48 | Research | Double-Bit Axe |
| 26:48 | Research | Double-Bit Axe |
| 26:56 | Queue | Fishing Ship |
| 27:02 | Research | Tech 906 |
| 27:03 | Research | Tech 906 |
| 27:43 | Build | Lumber Camp |
| 28:02 | Queue | Fishing Ship |
| 28:11 | Build | Stable |
| 28:19 | Research | Scale Barding Armor |
| 28:54 | Age | Castle Age |
| 28:57 | Queue | Knight |
| 28:57 | Queue | Knight |
| 28:59 | Queue | Villager (Male) |
| 29:08 | Queue | Fire Galley |
| 29:15 | Queue | Knight |
| 29:15 | Queue | Knight |
| 29:18 | Queue | Villager (Male) |
| 29:33 | Queue | Fishing Ship |
| 29:33 | Queue | Fishing Ship |
| 29:36 | Queue | Fishing Ship |
| 29:36 | Queue | Fishing Ship |
| 29:40 | Research | Bow Saw |
| 29:41 | Research | Bow Saw |
| 29:42 | Research | Forging |
| 29:42 | Research | Forging |
| 29:43 | Queue | Knight |
| 29:43 | Queue | Knight |
| 29:47 | Queue | Villager (Male) |
| 30:10 | Queue | Villager (Male) |
| 30:12 | Build | Siege Workshop |
| 30:18 | Queue | Knight |
| 30:24 | Queue | Villager (Male) |
| 30:42 | Build | House |
| 30:43 | Build | House |
| 30:55 | Build | House |
| 31:08 | Queue | Battering Ram |
| 31:14 | Queue | Villager (Male) |
| 31:18 | Build | Mining Camp |
| 31:27 | Queue | Knight |
| 31:33 | Queue | Battering Ram |
| 31:38 | Queue | Villager (Male) |
| 31:57 | Research | Husbandry |
| 31:58 | Research | Husbandry |
| 32:04 | Queue | Knight |
| 32:21 | Queue | Villager (Male) |
| 32:22 | Queue | Villager (Male) |
| 32:25 | Research | Gillnets |
| 32:26 | Research | Gillnets |
| 32:26 | Research | Gillnets |
| 32:31 | Queue | Mangonel |
| 32:31 | Queue | Mangonel |
Build order — Virtus | Darkjosh89
First 150 of 218 actions detected
| 1:02 | Build | Town Center |
| 1:16 | Build | Dock |
| 1:20 | Build | House |
| 3:08 | Queue | Villager (Male) |
| 3:09 | Queue | Villager (Male) |
| 3:09 | Queue | Villager (Male) |
| 3:09 | Queue | Villager (Male) |
| 4:12 | Queue | Fishing Ship |
| 4:12 | Queue | Fishing Ship |
| 4:32 | Queue | Villager (Male) |
| 4:33 | Queue | Villager (Male) |
| 4:34 | Build | House |
| 5:17 | Queue | Villager (Male) |
| 5:35 | Queue | Villager (Male) |
| 5:59 | Queue | Villager (Male) |
| 6:12 | Queue | Fishing Ship |
| 6:24 | Queue | Villager (Male) |
| 6:34 | Build | House |
| 6:46 | Queue | Villager (Male) |
| 6:53 | Queue | Villager (Male) |
| 6:58 | Build | House |
| 7:09 | Build | House |
| 7:21 | Queue | Villager (Male) |
| 7:24 | Build | House |
| 7:29 | Queue | Fishing Ship |
| 8:00 | Queue | Fishing Ship |
| 8:06 | Queue | Villager (Male) |
| 8:08 | Build | House |
| 8:14 | Queue | Villager (Male) |
| 8:40 | Queue | Villager (Male) |
| 8:56 | Queue | Villager (Male) |
| 8:59 | Queue | Fishing Ship |
| 9:37 | Build | Lumber Camp |
| 9:50 | Build | House |
| 9:55 | Queue | Villager (Male) |
| 10:02 | Queue | Villager (Male) |
| 10:39 | Build | Mining Camp |
| 10:49 | Queue | Villager (Male) |
| 11:06 | Queue | Villager (Male) |
| 11:20 | Build | Dock |
| 11:29 | Research | Feudal Age |
| 11:29 | Research | Feudal Age |
| 11:30 | Build | Mill |
| 11:39 | Research | Loom |
| 12:16 | Build | Dock |
| 12:51 | Build | Dock |
| 12:54 | Queue | Villager (Male) |
| 12:56 | Build | House |
| 12:58 | Queue | Fishing Ship |
| 13:11 | Queue | Villager (Male) |
| 13:49 | Age | Feudal Age |
| 13:52 | Queue | Trade Cog |
| 13:55 | Queue | Fire Galley |
| 14:09 | Build | Market |
| 14:11 | Build | Market |
| 14:13 | Build | Blacksmith |
| 14:31 | Queue | Villager (Male) |
| 14:34 | Queue | Fishing Ship |
| 14:58 | Queue | Fire Galley |
| 15:41 | Research | Castle Age |
| 15:48 | Queue | Fire Galley |
| 16:12 | Queue | Fishing Ship |
| 16:28 | Build | House |
| 16:28 | Build | House |
| 16:45 | Queue | Fire Galley |
| 16:46 | Queue | Fire Galley |
| 16:46 | Queue | Fire Galley |
| 16:53 | Build | House |
| 17:18 | Queue | Fire Galley |
| 17:18 | Queue | Fire Galley |
| 17:24 | Queue | Fire Galley |
| 17:26 | Queue | Villager (Male) |
| 17:39 | Research | Double-Bit Axe |
| 17:39 | Research | Double-Bit Axe |
| 17:40 | Research | Double-Bit Axe |
| 17:53 | Queue | Villager (Male) |
| 18:21 | Age | Castle Age |
| 18:26 | Research | Tech 905 |
| 18:27 | Research | Tech 906 |
| 18:28 | Queue | Villager (Male) |
| 18:33 | Research | Bow Saw |
| 18:33 | Research | Bow Saw |
| 18:41 | Queue | Villager (Male) |
| 18:51 | Research | Loom |
| 18:51 | Research | Loom |
| 18:52 | Queue | Villager (Male) |
| 18:59 | Research | Fletching |
| 19:00 | Research | Fletching |
| 19:00 | Research | Fletching |
| 19:12 | Build | Mill |
| 19:14 | Build | Barracks |
| 19:43 | Build | Siege Workshop |
| 20:03 | Queue | Scorpion |
| 20:32 | Research | War Galley (upgrade) |
| 20:32 | Research | War Galley (upgrade) |
| 20:49 | Queue | Villager (Male) |
| 20:59 | Queue | Villager (Male) |
| 21:13 | Queue | Villager (Male) |
| 21:31 | Queue | Villager (Male) |
| 21:47 | Build | Stable |
| 22:03 | Queue | Villager (Male) |
| 22:11 | Queue | Camel Scout |
| 22:11 | Queue | Camel Scout |
| 22:19 | Queue | Scorpion |
| 23:32 | Queue | Villager (Male) |
| 23:51 | Queue | Villager (Male) |
| 24:06 | Queue | Fishing Ship |
| 25:02 | Queue | Villager (Male) |
| 25:17 | Queue | Villager (Male) |
| 25:54 | Queue | Villager (Male) |
| 26:28 | Queue | Villager (Male) |
| 26:38 | Queue | Villager (Male) |
| 26:41 | Queue | Fishing Ship |
| 26:43 | Queue | Fishing Ship |
| 26:56 | Queue | Villager (Male) |
| 27:32 | Queue | Villager (Male) |
| 27:36 | Queue | Fishing Ship |
| 28:16 | Queue | Scorpion |
| 28:23 | Queue | Villager (Male) |
| 28:23 | Queue | Villager (Male) |
| 28:57 | Queue | Villager (Male) |
| 29:00 | Queue | Villager (Male) |
| 29:16 | Build | Mining Camp |
| 29:32 | Queue | Villager (Male) |
| 29:59 | Queue | Villager (Male) |
| 30:01 | Build | House |
| 30:02 | Queue | Villager (Male) |
| 30:04 | Build | House |
| 30:04 | Build | House |
| 30:32 | Build | Town Center |
| 30:41 | Build | House |
| 30:49 | Queue | Camel Scout |
| 30:52 | Queue | Villager (Male) |
| 31:08 | Build | House |
| 31:20 | Queue | Fishing Ship |
| 31:29 | Build | Dock |
| 31:36 | Queue | Villager (Male) |
| 31:42 | Queue | Scorpion |
| 31:47 | Build | House |
| 31:48 | Build | House |
| 31:49 | Build | House |
| 31:55 | Build | House |
| 31:58 | Queue | Camel Scout |
| 31:59 | Queue | Villager (Male) |
| 32:04 | Build | House |
| 32:04 | Build | House |
| 32:06 | Build | House |
| 32:07 | Build | Palisade Wall |
| 32:15 | Queue | Scorpion |
| 32:15 | Queue | Villager (Male) |
Build order — Virtus | Nasho9
First 150 of 325 actions detected
| 0:03 | Build | Town Center |
| 0:14 | Build | House |
| 1:24 | Build | Dock |
| 2:22 | Queue | Villager (Male) |
| 2:22 | Queue | Villager (Male) |
| 2:22 | Queue | Villager (Male) |
| 2:23 | Queue | Villager (Male) |
| 3:25 | Queue | Fishing Ship |
| 3:25 | Queue | Fishing Ship |
| 3:57 | Queue | Villager (Male) |
| 3:58 | Queue | Villager (Male) |
| 4:21 | Queue | Villager (Male) |
| 4:21 | Queue | Villager (Male) |
| 4:33 | Build | House |
| 4:35 | Research | Loom |
| 4:56 | Queue | Villager (Male) |
| 4:57 | Queue | Villager (Male) |
| 5:00 | Queue | Fishing Ship |
| 5:01 | Queue | Fishing Ship |
| 5:23 | Queue | Villager (Male) |
| 5:23 | Queue | Villager (Male) |
| 5:36 | Queue | Fishing Ship |
| 5:36 | Queue | Fishing Ship |
| 6:00 | Queue | Villager (Male) |
| 6:00 | Queue | Villager (Male) |
| 6:10 | Queue | Fishing Ship |
| 6:10 | Queue | Fishing Ship |
| 6:25 | Build | House |
| 6:29 | Build | House |
| 6:32 | Queue | Villager (Male) |
| 7:02 | Queue | Villager (Male) |
| 7:10 | Build | House |
| 7:12 | Queue | Fishing Ship |
| 7:26 | Queue | Villager (Male) |
| 7:27 | Queue | Villager (Male) |
| 7:59 | Build | Mining Camp |
| 8:00 | Queue | Villager (Male) |
| 8:27 | Queue | Villager (Male) |
| 8:42 | Queue | Fishing Ship |
| 8:52 | Queue | Villager (Male) |
| 9:29 | Research | Feudal Age |
| 9:29 | Research | Feudal Age |
| 9:51 | Queue | Villager (Male) |
| 9:53 | Build | Lumber Camp |
| 10:05 | Queue | Villager (Male) |
| 10:08 | Build | House |
| 10:18 | Build | Dock |
| 10:31 | Build | House |
| 10:45 | Queue | Villager (Male) |
| 11:22 | Queue | Villager (Male) |
| 11:30 | Build | Palisade Wall |
| 11:32 | Build | Palisade Wall |
| 11:33 | Build | Palisade Wall |
| 11:39 | Age | Feudal Age |
| 11:47 | Queue | Villager (Male) |
| 11:52 | Queue | Galley |
| 11:53 | Queue | Galley |
| 12:18 | Build | Dock |
| 12:28 | Queue | Villager (Male) |
| 12:32 | Queue | Villager (Male) |
| 12:47 | Queue | Galley |
| 12:47 | Queue | Galley |
| 12:55 | Queue | Galley |
| 12:55 | Queue | Galley |
| 13:00 | Queue | Villager (Male) |
| 13:05 | Research | Double-Bit Axe |
| 13:24 | Queue | Galley |
| 13:24 | Queue | Galley |
| 13:37 | Queue | Galley |
| 13:37 | Queue | Galley |
| 13:55 | Queue | Galley |
| 13:56 | Queue | Galley |
| 13:59 | Queue | Villager (Male) |
| 14:00 | Queue | Villager (Male) |
| 14:00 | Queue | Villager (Male) |
| 14:04 | Queue | Galley |
| 14:04 | Queue | Galley |
| 14:20 | Queue | Galley |
| 14:20 | Queue | Galley |
| 14:28 | Queue | Villager (Male) |
| 14:37 | Build | House |
| 14:41 | Build | Blacksmith |
| 14:52 | Queue | Galley |
| 14:52 | Queue | Galley |
| 14:56 | Build | House |
| 15:53 | Build | House |
| 15:57 | Queue | Villager (Male) |
| 15:57 | Queue | Villager (Male) |
| 16:28 | Queue | Galley |
| 16:28 | Queue | Galley |
| 16:29 | Queue | Galley |
| 16:29 | Queue | Galley |
| 16:29 | Queue | Galley |
| 16:49 | Queue | Fishing Ship |
| 17:18 | Build | House |
| 17:31 | Build | Mill |
| 17:33 | Queue | Villager (Male) |
| 17:40 | Queue | Galley |
| 17:40 | Queue | Galley |
| 17:51 | Build | House |
| 18:08 | Queue | Villager (Male) |
| 18:12 | Queue | Villager (Male) |
| 18:37 | Queue | Villager (Male) |
| 19:00 | Queue | Villager (Male) |
| 19:24 | Build | Market |
| 19:27 | Build | House |
| 19:30 | Build | Farm |
| 19:31 | Queue | Villager (Male) |
| 19:41 | Queue | Fishing Ship |
| 19:41 | Queue | Fishing Ship |
| 19:42 | Queue | Villager (Male) |
| 20:07 | Build | Mill |
| 20:07 | Queue | Villager (Male) |
| 20:31 | Research | Castle Age |
| 20:31 | Research | Castle Age |
| 20:52 | Build | House |
| 21:08 | Queue | Villager (Male) |
| 21:37 | Queue | Villager (Male) |
| 22:06 | Queue | Villager (Male) |
| 22:15 | Build | House |
| 22:16 | Queue | Villager (Male) |
| 22:29 | Queue | Fire Galley |
| 22:29 | Queue | Fire Galley |
| 22:30 | Queue | Fire Galley |
| 22:32 | Queue | Villager (Male) |
| 23:07 | Build | House |
| 23:08 | Queue | Villager (Male) |
| 23:14 | Queue | Villager (Male) |
| 23:18 | Age | Castle Age |
| 23:22 | Build | Town Center |
| 23:23 | Build | Town Center |
| 23:46 | Queue | Villager (Male) |
| 23:55 | Research | War Galley (upgrade) |
| 23:56 | Queue | Villager (Male) |
| 24:07 | Queue | Villager (Male) |
| 24:23 | Research | Fletching |
| 24:24 | Queue | Villager (Male) |
| 24:40 | Queue | Villager (Male) |
| 24:47 | Queue | Villager (Male) |
| 24:54 | Queue | Trade Cart |
| 24:58 | Queue | Villager (Male) |
| 24:59 | Queue | Villager (Male) |
| 24:59 | Queue | Villager (Male) |
| 25:07 | Build | Town Center |
| 25:09 | Queue | Villager (Male) |
| 25:12 | Research | Bodkin Arrow |
| 25:13 | Queue | Villager (Male) |
| 25:46 | Queue | Villager (Male) |
| 25:48 | Queue | Villager (Male) |
| 25:50 | Queue | Villager (Male) |
Build order — Virtus | FabiaN
First 150 of 178 actions detected
| 0:07 | Build | Town Center |
| 0:32 | Build | Dock |
| 1:04 | Build | House |
| 2:29 | Queue | Villager (Male) |
| 2:29 | Queue | Villager (Male) |
| 2:30 | Queue | Villager (Male) |
| 2:30 | Queue | Villager (Male) |
| 2:30 | Queue | Villager (Male) |
| 3:34 | Queue | Villager (Male) |
| 3:34 | Queue | Villager (Male) |
| 4:19 | Build | House |
| 4:30 | Queue | Villager (Male) |
| 4:30 | Queue | Villager (Male) |
| 5:06 | Queue | Villager (Male) |
| 5:06 | Queue | Villager (Male) |
| 5:35 | Queue | Fishing Ship |
| 5:35 | Queue | Fishing Ship |
| 5:47 | Queue | Villager (Male) |
| 5:48 | Queue | Villager (Male) |
| 5:48 | Queue | Villager (Male) |
| 6:23 | Queue | Villager (Male) |
| 6:24 | Queue | Villager (Male) |
| 6:38 | Build | House |
| 6:50 | Queue | Villager (Male) |
| 6:51 | Queue | Villager (Male) |
| 6:54 | Queue | Fishing Ship |
| 6:54 | Queue | Fishing Ship |
| 7:22 | Queue | Villager (Male) |
| 7:22 | Queue | Villager (Male) |
| 7:23 | Queue | Villager (Male) |
| 7:25 | Queue | Villager (Male) |
| 7:38 | Queue | Villager (Male) |
| 8:05 | Build | House |
| 8:06 | Queue | Fishing Ship |
| 8:13 | Research | Loom |
| 8:13 | Research | Loom |
| 8:13 | Research | Loom |
| 8:33 | Queue | Villager (Male) |
| 8:53 | Queue | Fishing Ship |
| 9:13 | Queue | Villager (Male) |
| 9:22 | Build | Lumber Camp |
| 9:46 | Research | Feudal Age |
| 9:46 | Research | Feudal Age |
| 11:01 | Queue | Villager (Male) |
| 11:34 | Build | Mining Camp |
| 11:51 | Queue | Villager (Male) |
| 11:56 | Age | Feudal Age |
| 12:02 | Queue | Villager (Male) |
| 12:23 | Queue | Villager (Male) |
| 12:38 | Queue | Villager (Male) |
| 12:53 | Queue | Villager (Male) |
| 12:55 | Build | Blacksmith |
| 13:22 | Research | Fletching |
| 13:22 | Research | Fletching |
| 13:27 | Queue | Villager (Male) |
| 13:37 | Queue | Villager (Male) |
| 13:53 | Queue | Villager (Male) |
| 14:36 | Queue | Villager (Male) |
| 14:45 | Queue | Villager (Male) |
| 16:15 | Build | Stone Wall |
| 16:16 | Build | Stone Wall |
| 16:18 | Build | Stone Wall |
| 16:42 | Build | Stone Wall |
| 16:44 | Build | Stone Wall |
| 16:45 | Build | Stone Wall |
| 17:07 | Build | Stone Wall |
| 17:24 | Build | Gate |
| 17:31 | Build | Palisade Gate |
| 17:37 | Build | Stone Wall |
| 20:20 | Build | Town Center |
| 21:27 | Queue | Villager (Male) |
| 21:28 | Queue | Villager (Male) |
| 21:31 | Build | House |
| 21:35 | Research | Town Watch |
| 21:36 | Research | Town Watch |
| 21:39 | Queue | Villager (Male) |
| 22:05 | Queue | Villager (Male) |
| 22:16 | Build | Mill |
| 22:20 | Build | Lumber Camp |
| 22:29 | Queue | Villager (Male) |
| 22:44 | Queue | Villager (Male) |
| 22:48 | Build | Outpost |
| 22:52 | Queue | Villager (Male) |
| 22:58 | Research | Double-Bit Axe |
| 22:58 | Research | Double-Bit Axe |
| 22:58 | Research | Double-Bit Axe |
| 23:10 | Research | Horse Collar |
| 23:10 | Research | Horse Collar |
| 23:10 | Research | Horse Collar |
| 23:11 | Research | Horse Collar |
| 23:13 | Queue | Villager (Male) |
| 23:34 | Queue | Villager (Male) |
| 24:08 | Build | House |
| 24:17 | Build | Mill |
| 24:19 | Queue | Villager (Male) |
| 24:39 | Queue | Villager (Male) |
| 24:51 | Build | House |
| 25:00 | Queue | Villager (Male) |
| 25:06 | Build | Barracks |
| 25:17 | Queue | Villager (Male) |
| 25:27 | Queue | Villager (Male) |
| 25:48 | Queue | Villager (Male) |
| 26:15 | Build | Archery Range |
| 26:25 | Queue | Spearman |
| 26:26 | Queue | Spearman |
| 26:29 | Queue | Villager (Male) |
| 26:36 | Build | House |
| 26:38 | Build | Palisade Wall |
| 26:43 | Research | Wheelbarrow |
| 27:10 | Build | House |
| 27:13 | Queue | Archer |
| 27:13 | Queue | Archer |
| 27:15 | Build | House |
| 27:19 | Queue | Villager (Male) |
| 27:40 | Queue | Villager (Male) |
| 27:42 | Build | Farm |
| 27:46 | Queue | Villager (Male) |
| 27:52 | Build | Palisade Wall |
| 27:57 | Build | Palisade Wall |
| 27:59 | Build | Palisade Wall |
| 28:05 | Queue | Archer |
| 28:10 | Queue | Villager (Male) |
| 28:12 | Build | Market |
| 28:45 | Build | Farm |
| 28:47 | Build | Farm |
| 28:51 | Build | Farm |
| 28:57 | Queue | Villager (Male) |
| 29:04 | Build | Palisade Wall |
| 29:08 | Queue | Spearman |
| 29:09 | Queue | Spearman |
| 29:15 | Queue | Villager (Male) |
| 29:22 | Research | Castle Age |
| 29:22 | Research | Castle Age |
| 29:27 | Queue | Spearman |
| 29:40 | Build | House |
| 29:43 | Build | House |
| 29:45 | Build | Stone Wall |
| 29:50 | Build | Stone Wall |
| 30:03 | Queue | Archer |
| 30:21 | Build | House |
| 30:24 | Build | House |
| 30:33 | Build | House |
| 30:47 | Build | House |
| 30:58 | Queue | Villager (Male) |
| 31:05 | Queue | Archer |
| 31:07 | Queue | Spearman |
| 31:13 | Build | Barracks |
| 31:26 | Build | Mining Camp |
| 32:02 | Age | Castle Age |
| 32:07 | Build | Town Center |
Build order — iturrA! LJ
First 150 of 255 actions detected
| 0:18 | Build | Town Center |
| 1:10 | Build | Dock |
| 1:13 | Build | House |
| 2:35 | Queue | Villager (Male) ×4 |
| 2:35 | Queue | Villager (Male) ×4 |
| 3:53 | Queue | Villager (Male) |
| 3:53 | Queue | Villager (Male) |
| 4:15 | Queue | Villager (Male) |
| 4:15 | Queue | Villager (Male) |
| 4:33 | Build | House |
| 4:47 | Queue | Villager (Male) |
| 4:48 | Queue | Villager (Male) |
| 4:51 | Queue | Fishing Ship |
| 5:10 | Research | Loom |
| 5:10 | Research | Loom |
| 5:12 | Build | House |
| 5:16 | Queue | Villager (Male) |
| 5:46 | Queue | Villager (Male) |
| 5:46 | Queue | Villager (Male) |
| 6:02 | Queue | Villager (Male) |
| 6:02 | Queue | Villager (Male) |
| 6:20 | Queue | Fishing Ship |
| 6:20 | Queue | Fishing Ship |
| 6:30 | Queue | Villager (Male) |
| 6:30 | Queue | Villager (Male) |
| 6:33 | Queue | Villager (Male) |
| 6:44 | Build | House |
| 6:49 | Queue | Villager (Male) |
| 6:49 | Queue | Villager (Male) |
| 7:27 | Queue | Fishing Ship |
| 8:10 | Build | Mining Camp |
| 8:31 | Build | House |
| 8:36 | Queue | Villager (Male) |
| 9:03 | Research | Feudal Age |
| 9:03 | Research | Feudal Age |
| 9:33 | Queue | Fishing Ship |
| 10:01 | Build | Dock |
| 10:20 | Queue | Fishing Ship |
| 11:09 | Build | House |
| 11:13 | Age | Feudal Age |
| 11:19 | Queue | Galley |
| 11:20 | Queue | Galley |
| 11:22 | Queue | Villager (Male) |
| 11:56 | Queue | Villager (Male) |
| 12:07 | Queue | Galley |
| 12:08 | Queue | Galley |
| 12:44 | Queue | Galley |
| 12:44 | Queue | Galley |
| 12:45 | Queue | Villager (Male) |
| 12:47 | Build | House |
| 13:03 | Queue | Villager (Male) |
| 13:10 | Build | House |
| 13:51 | Queue | Galley |
| 13:52 | Queue | Galley |
| 13:53 | Queue | Villager (Male) |
| 14:15 | Build | Blacksmith |
| 14:17 | Queue | Villager (Male) |
| 14:18 | Queue | Villager (Male) |
| 14:58 | Research | Fletching |
| 14:59 | Queue | Galley |
| 14:59 | Queue | Galley |
| 15:00 | Queue | Villager (Male) |
| 15:01 | Queue | Villager (Male) |
| 15:08 | Queue | Galley |
| 15:09 | Queue | Galley |
| 15:30 | Queue | Villager (Male) |
| 15:30 | Queue | Villager (Male) |
| 15:54 | Queue | Galley |
| 15:54 | Queue | Galley |
| 15:58 | Build | House |
| 16:33 | Build | Mill |
| 16:41 | Build | House |
| 16:51 | Queue | Villager (Male) |
| 16:51 | Queue | Villager (Male) |
| 17:17 | Queue | Galley |
| 17:17 | Queue | Galley |
| 17:34 | Build | Lumber Camp |
| 18:06 | Build | Market |
| 18:27 | Queue | Villager (Male) |
| 18:57 | Research | Castle Age |
| 18:58 | Research | Castle Age |
| 19:21 | Build | House |
| 19:42 | Build | Mining Camp |
| 19:44 | Research | Double-Bit Axe |
| 20:09 | Build | House |
| 21:37 | Age | Castle Age |
| 21:38 | Queue | Villager (Male) |
| 21:40 | Build | Town Center |
| 21:43 | Research | Bow Saw |
| 21:50 | Build | Town Center |
| 22:03 | Queue | Villager (Male) |
| 22:29 | Queue | Villager (Male) |
| 22:46 | Queue | Villager (Male) |
| 22:46 | Queue | Villager (Male) |
| 22:46 | Queue | Villager (Male) |
| 23:01 | Build | Farm |
| 23:23 | Queue | Villager (Male) |
| 23:23 | Queue | Villager (Male) |
| 23:39 | Queue | Villager (Male) |
| 23:39 | Queue | Villager (Male) |
| 23:40 | Queue | Villager (Male) |
| 23:57 | Build | House |
| 24:22 | Research | Wheelbarrow |
| 24:22 | Research | Wheelbarrow |
| 24:23 | Queue | Villager (Male) |
| 24:23 | Queue | Villager (Male) |
| 24:35 | Build | Castle |
| 24:43 | Build | Farm |
| 24:45 | Build | Farm |
| 24:48 | Build | Farm |
| 24:50 | Build | Farm |
| 24:55 | Build | Farm |
| 25:00 | Queue | Villager (Male) |
| 25:00 | Queue | Villager (Male) |
| 25:04 | Build | House |
| 25:15 | Queue | Villager (Male) |
| 25:15 | Queue | Villager (Male) |
| 25:25 | Queue | Mangudai |
| 25:25 | Queue | Mangudai |
| 25:28 | Build | Farm |
| 25:28 | Build | Farm |
| 25:38 | Queue | Villager (Male) |
| 25:38 | Queue | Villager (Male) |
| 25:38 | Queue | Villager (Male) |
| 25:57 | Queue | Mangudai |
| 26:05 | Queue | Villager (Male) |
| 26:05 | Queue | Villager (Male) |
| 26:05 | Queue | Villager (Male) |
| 26:08 | Build | Farm |
| 26:20 | Queue | Villager (Male) |
| 26:20 | Queue | Villager (Male) |
| 26:23 | Build | House |
| 26:27 | Build | Mining Camp |
| 26:32 | Queue | Mangudai |
| 26:33 | Queue | Villager (Male) |
| 26:38 | Build | Farm |
| 26:39 | Build | Farm |
| 26:42 | Build | Farm |
| 26:43 | Build | Farm |
| 26:49 | Queue | Villager (Male) |
| 26:49 | Queue | Villager (Male) |
| 26:52 | Queue | Mangudai |
| 27:00 | Build | House |
| 27:06 | Queue | Mangudai |
| 27:09 | Queue | Villager (Male) |
| 27:19 | Queue | Villager (Male) |
| 27:19 | Queue | Villager (Male) |
| 27:39 | Research | Bodkin Arrow |
| 27:41 | Queue | Mangudai |
| 27:41 | Queue | Mangudai |
Build order — Hadeo
First 150 of 295 actions detected
| 0:06 | Build | Town Center |
| 1:16 | Build | Dock |
| 1:19 | Build | House |
| 2:22 | Queue | Villager (Male) |
| 2:22 | Queue | Villager (Male) |
| 2:23 | Queue | Villager (Male) |
| 2:23 | Queue | Villager (Male) |
| 3:34 | Queue | Fishing Ship |
| 4:08 | Queue | Villager (Male) |
| 4:36 | Queue | Villager (Male) |
| 4:37 | Queue | Villager (Male) |
| 4:42 | Build | House |
| 4:57 | Queue | Villager (Male) |
| 5:29 | Queue | Fishing Ship |
| 5:31 | Queue | Villager (Male) |
| 5:31 | Queue | Villager (Male) |
| 5:42 | Queue | Villager (Male) |
| 5:43 | Queue | Villager (Male) |
| 5:46 | Build | House |
| 6:13 | Queue | Villager (Male) |
| 6:14 | Queue | Villager (Male) |
| 6:28 | Queue | Fishing Ship |
| 6:42 | Queue | Villager (Male) |
| 6:42 | Queue | Villager (Male) |
| 6:56 | Queue | Villager (Male) |
| 6:57 | Queue | Fishing Ship |
| 7:14 | Build | House |
| 7:34 | Queue | Villager (Male) |
| 7:51 | Queue | Villager (Male) |
| 7:54 | Queue | Fishing Ship |
| 8:08 | Queue | Villager (Male) |
| 8:21 | Queue | Villager (Male) |
| 8:36 | Build | House |
| 8:38 | Queue | Fishing Ship |
| 8:39 | Research | Loom |
| 8:53 | Queue | Villager (Male) |
| 9:06 | Build | House |
| 9:20 | Queue | Fishing Ship |
| 9:26 | Build | Palisade Wall |
| 9:35 | Queue | Villager (Male) |
| 9:42 | Queue | Villager (Male) |
| 9:48 | Build | House |
| 9:53 | Build | House |
| 10:14 | Build | Mill |
| 10:34 | Queue | Villager (Male) |
| 10:50 | Build | Mining Camp |
| 11:15 | Queue | Villager (Male) |
| 11:35 | Research | Feudal Age |
| 11:52 | Build | Lumber Camp |
| 12:27 | Queue | Villager (Male) |
| 12:27 | Queue | Villager (Male) |
| 12:38 | Build | Barracks |
| 12:41 | Queue | Villager (Male) |
| 13:32 | Queue | Villager (Male) |
| 13:50 | Age | Feudal Age |
| 13:51 | Build | Blacksmith |
| 13:52 | Build | Archery Range |
| 14:05 | Research | Double-Bit Axe |
| 14:16 | Queue | Fire Galley |
| 14:43 | Research | Castle Age |
| 14:44 | Research | Castle Age |
| 14:50 | Research | Fletching |
| 14:52 | Build | Archery Range |
| 15:21 | Queue | Fire Galley |
| 15:28 | Queue | Fishing Ship |
| 15:54 | Build | Archery Range |
| 15:58 | Queue | Villager (Male) |
| 16:10 | Research | Gold Mining |
| 16:30 | Queue | Fishing Ship |
| 16:56 | Queue | Villager (Male) |
| 17:23 | Age | Castle Age |
| 17:26 | Queue | Cavalry Archer |
| 17:26 | Queue | Cavalry Archer |
| 17:27 | Queue | Cavalry Archer |
| 17:32 | Build | Dock |
| 17:39 | Research | Bodkin Arrow |
| 17:54 | Research | Bow Saw |
| 17:55 | Research | Bow Saw |
| 17:56 | Queue | Cavalry Archer |
| 18:15 | Build | Dock |
| 18:19 | Queue | Cavalry Archer |
| 18:19 | Queue | Cavalry Archer |
| 18:20 | Queue | Villager (Male) |
| 18:21 | Queue | Villager (Male) |
| 18:34 | Build | Dock |
| 18:41 | Queue | Cavalry Archer |
| 18:41 | Queue | Cavalry Archer |
| 18:53 | Queue | Cavalry Archer |
| 18:53 | Queue | Cavalry Archer |
| 19:05 | Queue | Cavalry Archer |
| 19:05 | Queue | Cavalry Archer |
| 19:25 | Queue | Villager (Male) |
| 19:33 | Build | House |
| 19:43 | Queue | Cavalry Archer |
| 19:43 | Queue | Cavalry Archer |
| 19:45 | Queue | Villager (Male) |
| 20:06 | Build | House |
| 20:07 | Build | House |
| 20:29 | Queue | Villager (Male) |
| 20:29 | Queue | Villager (Male) |
| 20:29 | Queue | Villager (Male) |
| 20:44 | Queue | Villager (Male) |
| 21:11 | Queue | Villager (Male) |
| 21:12 | Queue | Cavalry Archer |
| 21:12 | Queue | Cavalry Archer |
| 21:12 | Queue | Cavalry Archer |
| 21:17 | Build | Farm |
| 21:17 | Build | Farm |
| 21:18 | Build | Farm |
| 21:19 | Build | Farm |
| 21:20 | Build | Farm |
| 21:41 | Queue | Cavalry Archer |
| 21:41 | Queue | Cavalry Archer |
| 21:56 | Queue | Cavalry Archer |
| 21:57 | Queue | Cavalry Archer |
| 22:05 | Queue | Cavalry Archer |
| 22:05 | Queue | Cavalry Archer |
| 22:45 | Queue | Villager (Male) |
| 23:07 | Queue | Villager (Male) |
| 23:09 | Build | Town Center |
| 23:24 | Queue | Villager (Male) |
| 23:31 | Queue | Villager (Male) |
| 24:07 | Queue | Cavalry Archer |
| 24:21 | Queue | Villager (Male) |
| 24:50 | Queue | Cavalry Archer |
| 24:50 | Queue | Cavalry Archer |
| 24:50 | Queue | Cavalry Archer |
| 24:52 | Queue | Villager (Male) |
| 24:52 | Queue | Villager (Male) |
| 24:53 | Build | Farm |
| 24:56 | Build | Farm |
| 24:57 | Build | Farm |
| 24:58 | Build | Farm |
| 25:20 | Queue | Cavalry Archer |
| 25:21 | Queue | Cavalry Archer |
| 25:21 | Queue | Cavalry Archer |
| 25:22 | Queue | Villager (Male) |
| 25:49 | Queue | Cavalry Archer |
| 26:21 | Queue | Cavalry Archer |
| 26:21 | Queue | Cavalry Archer |
| 26:24 | Queue | Villager (Male) |
| 26:28 | Build | Town Center |
| 26:37 | Queue | Villager (Male) |
| 26:40 | Queue | Villager (Male) |
| 26:42 | Research | Padded Archer Armor |
| 26:50 | Queue | Fishing Ship |
| 26:50 | Queue | Fishing Ship |
| 27:03 | Build | House |
| 27:04 | Build | House |
| 27:04 | Build | House |
Match timeline
| 0:32 | Virtus | FabiaN · first_building Dock |
| 1:10 | iturrA! LJ · first_building Dock |
| 1:16 | Virtus | Darkjosh89 · first_building Dock |
| 1:16 | Hadeo · first_building Dock |
| 1:24 | Virtus | Nasho9 · first_building Dock |
| 2:07 | Zombla · first_building Dock |
| 9:26 | Hadeo · wall_segment Palisade Wall x1 |
| 10:45 | Zombla · wall_segment Palisade Wall x1 |
| 11:13 | iturrA! LJ · age_up feudal |
| 11:30 | Virtus | Nasho9 · wall_segment Palisade Wall x1 |
| 11:32 | Virtus | Nasho9 · wall_segment Palisade Wall x1 |
| 11:33 | Virtus | Nasho9 · wall_segment Palisade Wall x1 |
| 11:39 | Virtus | Nasho9 · age_up feudal |
| 11:56 | Virtus | FabiaN · age_up feudal |
| 12:38 | Hadeo · first_building Barracks |
| 13:49 | Virtus | Darkjosh89 · age_up feudal |
| 13:50 | Hadeo · age_up feudal |
| 13:52 | Hadeo · first_building Archery Range |
| 16:15 | Virtus | FabiaN · wall_segment Stone Wall x1 |
| 16:16 | Virtus | FabiaN · wall_segment Stone Wall x1 |
| 16:18 | Virtus | FabiaN · wall_segment Stone Wall x1 |
| 16:42 | Virtus | FabiaN · wall_segment Stone Wall x1 |
| 16:44 | Virtus | FabiaN · wall_segment Stone Wall x1 |
| 16:45 | Virtus | FabiaN · wall_segment Stone Wall x1 |
| 17:07 | Virtus | FabiaN · wall_segment Stone Wall x1 |
| 17:23 | Hadeo · age_up castle |
| 17:37 | Virtus | FabiaN · wall_segment Stone Wall x1 |
| 18:21 | Virtus | Darkjosh89 · age_up castle |
| 18:55 | Virtus | Darkjosh89 · first_market_sell 100 food |
| 19:14 | Virtus | Darkjosh89 · first_building Barracks |
| 19:43 | Virtus | Darkjosh89 · first_building Siege Workshop |
| 19:50 | Virtus | Darkjosh89 · first_market_buy 100 wood |
| 20:22 | Virtus | Nasho9 · first_market_sell 100 wood |
| 20:25 | Virtus | Nasho9 · first_market_buy 100 food |
| 21:37 | iturrA! LJ · age_up castle |
| 21:47 | Virtus | Darkjosh89 · first_building Stable |
| 23:18 | Virtus | Nasho9 · age_up castle |
| 24:16 | Zombla · first_building Barracks |
| 24:26 | iturrA! LJ · first_market_buy 100 stone |
| 24:35 | iturrA! LJ · first_building Castle |
| 24:39 | iturrA! LJ · first_market_sell 100 wood |
| 25:06 | Virtus | FabiaN · first_building Barracks |
| 25:17 | Zombla · age_up feudal |
| 25:19 | Zombla · first_building Stable |
| 26:15 | Virtus | FabiaN · first_building Archery Range |
| 26:38 | Virtus | FabiaN · wall_segment Palisade Wall x1 |
| 27:52 | Virtus | FabiaN · wall_segment Palisade Wall x6 |
| 27:57 | Virtus | FabiaN · wall_segment Palisade Wall x1 |
| 27:59 | Virtus | FabiaN · wall_segment Palisade Wall x4 |
| 28:54 | Zombla · age_up castle |
| 29:04 | Virtus | FabiaN · wall_segment Palisade Wall x6 |
| 29:36 | iturrA! LJ · first_building Barracks |
| 29:43 | Hadeo · first_market_buy 100 wood |
| 29:45 | Virtus | FabiaN · wall_segment Stone Wall x1 |
| 29:50 | Virtus | FabiaN · wall_segment Stone Wall x5 |
| 29:56 | Virtus | Nasho9 · first_building Castle |
| 30:05 | iturrA! LJ · first_building Stable |
| 30:12 | Zombla · first_building Siege Workshop |
| 30:36 | Hadeo · first_building Stable |
| 30:57 | Virtus | Nasho9 · first_building Siege Workshop |
| 32:02 | Virtus | FabiaN · age_up castle |
| 32:03 | iturrA! LJ · wall_segment Palisade Wall x1 |
| 32:04 | Virtus | FabiaN · first_market_sell 100 food |
| 32:04 | Virtus | FabiaN · first_market_buy 100 stone |
| 32:07 | Virtus | Darkjosh89 · wall_segment Palisade Wall x1 |
| 33:48 | Virtus | Nasho9 · first_building Barracks |
| 34:43 | Hadeo · first_building Siege Workshop |
| 34:46 | Virtus | FabiaN · first_building Siege Workshop |
| 34:47 | Virtus | Nasho9 · first_building Archery Range |
| 35:01 | Hadeo · first_market_sell 100 food |
| 35:12 | Virtus | Nasho9 · age_up imperial |
| 36:03 | Zombla · first_building Monastery |
| 36:53 | Virtus | Darkjosh89 · first_building Castle |
| 36:57 | iturrA! LJ · age_up imperial |
| 37:50 | Zombla · first_market_sell 100 food |
| 37:51 | Zombla · first_market_buy 100 stone |
| 38:18 | iturrA! LJ · resign |
[ AI ANALYSIS · 1 CREDIT ]
What really happened in this match?
Wolo.gg analyzes every decision: build order, eco, micro, common mistakes by bracket. Personalized analysis on WhatsApp or Discord in 30 seconds.
Civ guide
Franks
Perfil
Zombla